AoeStats
← [NICE_ASS] BigMasi

Black Forest

509089399Analyzed
4v4 RM · 7d ago on Sep 25, 2026· 50m 47s· 8 players
Game mode
Random Map
Map size
Large (8 player)
Population
200
Speed
Normal
Resources
Standard
Victory
Conquest
Starting age
Dark Age
Ending age
Imperial Age
RankedLock teamsTeams togetherTeam positionsShared explorationLock speedFull tech treeHidden civsTurbo modeCheats
Victory
Defeat
🇨🇭 Saxons · Switzerland
1343
+14
🇨🇴 Varangians · Colombia
1313
+15
🇩🇪 Poles · Germany
1232
+18
🇬🇧 Romans · United Kingdom
1219
+18
🇭🇰 Khitans · Hong Kong SAR China
1332
-18
1284
-16
🇨🇳 Vietnamese · China
1273
-16
🇨🇭 Saracens · Switzerland
1252
-15
动车的车头
10:20 Feudal Age
13:57 Castle Age
12:58 Double-Bit Axe
14:11 Domestication
16:17 Scale Barding Armor
16:54 Forging
20:48 Wheelbarrow
22:14 Husbandry
23:54 Hand Cart
27:22 Bow Saw
27:03 Gold Mining
28:11 Pastoralism
28:02 Stone Mining
30:28 Stone Shaft Mining
31:23 Chain Barding Armor
33:06 Loom
36:25 Imperial Age
35:18 Iron Casting
35:43 Light Cavalry
37:24 Guard Tower
37:02 Elite Steppe Lancer
39:12 Plate Barding Armor
39:59 Conscription
40:56 Ordo Cavalry
41:31 Scale Mail Armor
43:28 Fletching
43:39 Padded Archer Armor
44:00 Ballistics
44:41 Chemistry
43:22 Treadmill Crane
44:49 Parthian Tactics
43:45 Heavy Cavalry Archer
44:26 Bodkin Arrow
45:47 Thumb Ring
45:29 Elite Skirmisher
46:27 Imperial Skirmisher
48:43 Lamellar Armor
49:53 Bracer
种田玩家打队友别打我
11:03 Feudal Age
14:12 Castle Age
12:24 Double-Bit Axe
15:39 Wheelbarrow
15:41 Horse Collar
17:12 Loom
21:53 Bow Saw
23:34 Heavy Plow
24:52 Gold Mining
25:13 Town Watch
27:24 Gold Shaft Mining
29:33 Imperial Age
27:06 Husbandry
27:24 Forging
29:31 Iron Casting
29:02 Scale Barding Armor
29:27 Hand Cart
30:28 Chemistry
31:42 Blast Furnace
30:50 Elite Battle Elephant
36:37 Siege Engineers
39:30 Caravan
40:02 Coinage
43:40 Conscription
43:26 Forced Levy
Zion
7:46 Loom
10:23 Feudal Age
14:32 Fletching
17:47 Horse Collar
19:04 Double-Bit Axe
24:22 Castle Age
29:04 Imperial Age
26:37 Crossbowman
27:33 Bodkin Arrow
30:54 Chemistry
30:01 Bracer
30:41 Arbalester
35:30 Thumb Ring
36:35 Ballistics
46:33 Caravan
48:07 Light Cavalry
_OMO_
0:27 Loom
10:44 Feudal Age
10:45 Man-at-Arms
11:35 Arson
12:36 Double-Bit Axe
17:44 Scale Mail Armor
18:00 Forging
20:11 Wheelbarrow
22:44 Castle Age
21:10 Gold Mining
21:28 Fletching
21:57 Scale Mail Armor
22:48 Horse Collar
23:44 Chain Mail Armor
23:40 Bow Saw
26:35 Iron Casting
28:51 Heavy Plow
30:18 Squires
30:20 Fletching
31:06 Bodkin Arrow
34:10 Hand Cart
40:31 Imperial Age
38:29 Scale Barding Armor
39:35 Padded Archer Armor
39:58 Chain Barding Armor
39:40 Stone Mining
40:33 Ballistics
40:34 Chatras
42:35 Chemistry
41:41 Siege Engineers
42:15 Plate Barding Armor
41:50 Bracer
41:50 Padded Archer Armor
4♚Dreams
6:20 Loom
12:26 Feudal Age
13:04 Horse Collar
13:54 Double-Bit Axe
19:35 Castle Age
19:13 Stone Mining
21:00 Bow Saw
21:28 Stone Shaft Mining
20:44 Gold Mining
20:56 Heavy Plow
26:08 Szlachta Privileges
27:13 Wheelbarrow
27:30 Scale Barding Armor
27:36 Forging
32:31 Imperial Age
30:03 Husbandry
30:25 Bloodlines
30:26 Town Watch
32:02 Hand Cart
32:41 Cavalier
34:02 Iron Casting
34:46 Chain Barding Armor
36:34 Blast Furnace
43:01 Padded Archer Armor
42:51 Fletching
42:30 Elite Skirmisher
44:29 Leather Archer Armor
44:41 Thumb Ring
44:52 Bodkin Arrow
50:25 Bracer
Manueska
0:46 Loom
1:02 Loom
10:48 Feudal Age
14:31 Wheelbarrow
14:57 Bloodlines
22:07 Double-Bit Axe
22:50 Forging
23:33 Horse Collar
27:20 Castle Age
26:27 Gold Mining
28:10 Heavy Plow
32:55 Iron Casting
32:27 Husbandry
34:26 Scale Barding Armor
34:55 Bow Saw
34:51 Fletching
35:53 Bodkin Arrow
39:23 Imperial Age
37:46 Stone Mining
39:33 Ballistics
40:05 Masonry
41:19 Blast Furnace
40:48 Elite Jarl
42:30 Chain Barding Armor
43:44 Conscription
44:38 Plate Barding Armor
45:29 Crop Rotation
45:46 Siege Engineers
47:07 Light Cavalry
48:47 Hand Cart
49:40 Two-Man Saw
48:26 Hussar
Leeroy Jenkins III
11:53 Feudal Age
12:32 Double-Bit Axe
15:44 Castle Age
17:22 Bow Saw
18:00 Loom
25:45 Horse Collar
28:46 Gold Mining
30:02 Wheelbarrow
33:08 Imperial Age
33:01 Hand Cart
33:26 Gold Shaft Mining
32:45 Stone Mining
32:56 Heavy Plow
34:36 Crop Rotation
34:40 Caravan
35:54 Scale Mail Armor
36:04 Forging
35:31 Pikeman
36:12 Squires
36:06 Heavy Scorpion
36:28 Halberdier
36:41 Capped Ram
38:32 Chemistry
37:56 Ballistics
37:44 Siege Ram
50:24 Ballistas
50:40 Conscription
[NICE_ASS] BigMasi
1:40 Loom
13:08 Feudal Age
13:40 Double-Bit Axe
16:47 Castle Age
18:09 Fletching
23:21 Bow Saw
25:46 Wheelbarrow
24:52 Horse Collar
28:40 Heavy Plow
28:32 Gold Mining
28:55 Town Watch
29:30 Hand Cart
29:43 Scale Mail Armor
29:54 Forging
30:52 Gold Shaft Mining
30:07 Stone Mining
34:09 Imperial Age
32:26 Chain Mail Armor
32:46 Iron Casting
32:20 Squires
32:38 Pikeman
32:39 Pikeman
35:31 Plate Mail Armor
35:17 Bodkin Arrow
36:50 Conscription
37:08 Halberdier
Connection lost

Rejoining the realm…

Still unreachable

The connection could not be restored.

Session expired

The server has moved on; the page needs a fresh start.